AoeStats
← xlalox corona

Nomad

504927581Analyzed
2v2 RM · 24d ago on Sep 7, 2026· 28m 37s· 4 players
Game mode
Random Map
Map size
176×176
Population
200
Speed
Normal
Resources
Standard
Victory
Conquest
Starting age
Dark Age
Ending age
Imperial Age
RankedLock teamsTeams togetherTeam positionsShared explorationLock speedFull tech treeHidden civsTurbo modeCheats
Victory
Defeat
🇬🇧 Mapuche · United Kingdom
1605
+11
🇲🇽 Dravidians · Mexico
1451
+17
🇲🇽 Dravidians · Mexico
1543
-16
🇲🇽 Byzantines · Mexico
1444
-12
xlalox corona
3:32 Loom
14:11 Feudal Age
15:40 Fletching
20:31 Castle Age
20:58 Double-Bit Axe
21:16 Bodkin Arrow
21:34 Medium Warships
GAX | xlaloxsyntek
5:00 Loom
14:12 Feudal Age
15:03 Fishing Lines
17:52 Castle Age
15:49 Double-Bit Axe
16:13 Gold Mining
17:25 Fletching
18:53 Medium Warships
19:09 Bow Saw
19:19 Horse Collar
21:17 Bodkin Arrow
22:21 Wheelbarrow
NarKofer
9:23 Loom
13:58 Feudal Age
15:20 Double-Bit Axe
15:31 Stone Mining
18:05 Castle Age
16:30 Gold Mining
19:38 Gold Shaft Mining
21:38 Medium Warships
24:02 Town Watch
25:07 Wheelbarrow
26:18 Forging
29:56 Imperial Age
DarkSIde1405
6:52 Loom
11:39 Feudal Age
16:39 Castle Age
15:31 Fletching
17:18 Bodkin Arrow
17:48 Medium Warships
18:39 Clinker Construction
20:29 Ballistics
25:21 Careening
Connection lost

Rejoining the realm…

Still unreachable

The connection could not be restored.

Session expired

The server has moved on; the page needs a fresh start.